 Dungeon Crawl Stone Soup version 0.23.2-40-g277498a001 (webtiles) character file.

Game seed: 18296696545553062902

2951 Ivernyr the Geomancer (level 9, -10/68 HPs)
             Began as a Deep Dwarf Earth Elementalist on Oct 8, 2019.
             Was a Follower of Elyvilon.
             Killed by the air
             ... invoked by Gastronok
              (37 damage)
             ... on level 8 of the Dungeon.
             The game lasted 00:47:30 (7383 turns).

Ivernyr the Geomancer (DDEE)                        Turns: 7383, Time: 00:47:30

Health: -10/68     AC:  6    Str: 12    XL:     9   Next: 51%
Magic:  3/16       EV: 15    Int: 19    God:    Elyvilon [*.....]
Gold:   411        SH:  0    Dex: 13    Spells: 4/19 levels left

rFire    + . .     SeeInvis .   a - +3 dagger (elec)
rCold    x . .     Gourm    .   (no shield)
rNeg     . . .     Faith    +   c - +0 troll leather armour
rPois    .         Spirit   .   (no helmet)
rElec    .         Reflect  .   (no cloak)
rCorr    .         Harm     .   u - +0 pair of gloves
MR       +....                  m - +0 pair of boots
Stlth    ++........             s - amulet of faith
HPRegen  0.00/turn              e - ring of wizardry
MPRegen  0.15/turn              r - ring of fire

@: non-regenerating, slowed, very slow
A: damage resistance, heal wounds, sense surroundings 2, no regeneration
a: Heal Wounds, Lesser Healing, Divine Protection, Renounce Religion


You were on level 8 of the Dungeon.
You worshipped Elyvilon.
Elyvilon was aware of your devotion.
You were near starving.

You visited 2 branches of the dungeon, and saw 9 of its levels.

You collected 471 gold pieces.
You spent 60 gold pieces at shops.

Inventory:

Hand Weapons
 a - a +3 dagger of electrocution (weapon)
Missiles
 b - 65 stones (quivered)
Armour
 c - a +0 troll leather armour (worn)
 m - a +0 pair of boots (worn)
 q - a +0 shield
 u - a +0 pair of gloves (worn)
Jewellery
 e - a ring of wizardry (left hand)
 r - a ring of fire (right hand)
 s - an amulet of faith (around neck)
Scrolls
 f - 5 scrolls of remove curse
 g - a scroll of magic mapping {unknown}
 h - 2 scrolls of teleportation
 n - 2 scrolls of identify
 p - 2 scrolls of fear {unknown}
 t - 2 scrolls of amnesia {unknown}
Potions
 i - 2 potions of flight
 j - 2 potions of agility
 k - 3 potions of curing
 l - a potion of brilliance {unknown}
 o - a potion of haste {unknown}
Comestibles
 d - 10 rations


   Skills:
 - Level 7.1 Dodging
 - Level 2.4 Stealth
 + Level 0.7 Shields
 + Level 5.5 Spellcasting
 - Level 0.8 Transmutations
 * Level 12.1 Earth Magic
 + Level 4.8 Invocations


You had 4 spell levels left.
You knew the following spells:

 Your Spells              Type           Power        Failure   Level  Hunger
a - Sandblast             Erth           ######       1%          1    None
b - Passwall              Tmut/Erth      ####....     1%          2    None
c - Stone Arrow           Conj/Erth      ####..       1%          3    ##.....
d - Petrify               Tmut/Erth      ####....     4%          4    ####...
e - Lee's Rapid Deconstr  Erth           ######....   1%          5    #####..

Your spell library contained the following spells:

 Spells                   Type           Power        Failure   Level  Hunger
 Magic Dart               Conj           #...         6%          1    None
 Searing Ray              Conj           #.....       9%          2    None
 Dazzling Spray           Conj/Hex       #.....       17%         3    ##.....
 Force Lance              Conj/Tloc      #.......     50%         4    ####...
 Fulminant Prism          Conj/Hex       #.........   50%         4    ####...
 Iskenderun's Mystic Bla  Conj           #.......     50%         4    ####...


Dungeon Overview and Level Annotations

Branches:
Dungeon (8/15)             Temple (1/1) D:5
   Lair: D:8-11

Altars:
Ashenzari
Cheibriados
Dithmenos
Elyvilon
Fedhas
Gozag
Hepliaklqana
Kikubaaqudgha
Makhleb
Nemelex Xobeh
Okawaru
Qazlal
Ru
Sif Muna
Trog
Uskayaw
Vehumet
Wu Jian
Xom
Yredelemnul
Zin
The Shining One

Shops:
D:4 ?   D:6 *

Annotations:
D:7 2 transporters, sydd's ghost, novice GnWr
D:8 Gastronok


Innate Abilities, Weirdness & Mutations

You are resistant to damage.
You can heal yourself by infusing magical energy.
You passively map the area around you.
You do not regenerate.


Message History

Aim: Gastronok, wearing a +2 hat (severely wounded)
You throw a stone.
The stone hits Gastronok but does no damage.
Gastronok is severely wounded.
The black bear closely misses you. The black bear claws you.
The black bear barely misses you. The black bear bites you.
The black bear claws you but does no damage.
The black bear barely misses you. Gastronok bites you!!
The black bear misses you. The black bear closely misses you.
The black bear misses you.
Gastronok wobbles crazily.
You are healed.
You are near starving!
The black bear misses you.
The black bear claws you but does no damage.
The black bear barely misses you.
Gastronok waves his eye-stalks in wide circles.
The air twists around and strikes you!
Ouch! That really hurt!
You die...

.....* *, , , ...., * .# **
, #..#*,, * *.## ., * #..#
# * .. .. ##..##.# #.# ..#
#...#..### * ..#..# *
##.#.#.# #. *..... , *
##<.....# #. *#####r.###
#.......###.###.@hrw...# *
.........##.#...######....,
, .>.......#..#.### * # ,,
....<....#.#..# * ,
.............######### +,,
.....................# , ,
............######>..#
.........### ####..### ,, ,
, , .........# ##....## , ,
,


You could see Gastronok, a black bear, a river rat and a quokka.

Vanquished Creatures
  A troll (D:7)
  Grinder (D:5)
  Prince Ribbit (D:5)
  Eustachio (D:6)
  2 ice beasts (D:6)
  2 phantoms
  A sky beast (D:6)
  2 ogres
  A crocodile (D:7)
  2 bullfrogs (D:7)
  4 scorpions
  6 wights (D:6)
  A howler monkey (D:6)
  A bullfrog zombie (D:5)
  2 crimson imps
  A jelly (D:5)
  A quasit (D:7)
  An orc priest (D:3)
  4 hounds
  3 iguanas
  Jessica (D:3)
  3 orc wizards
  5 worker ants
  2 hound skeletons
  4 gnolls (D:4)
  11 adders
  A shadow imp (D:7)
  3 oozes
  An adder skeleton (D:4)
  2 adder zombies (D:6)
  3 dart slugs
  2 worms
  4 leopard geckos
  11 orcs
  A ball python (D:1)
  6 bats
  9 giant cockroaches
  11 goblins
  5 hobgoblins (D:3)
  3 jackals (D:6)
  5 quokkas
  10 frilled lizards
  4 kobolds
  5 rats
150 creatures vanquished.

Notes
Turn   | Place    | Note
-------+----------+-------------------------------------------
     0 | D:1      | Ivernyr the Deep Dwarf Earth Elementalist began the quest
                  | for the Orb.
     0 | D:1      | Reached XP level 1. HP: 15/15 MP: 3/3
   165 | D:1      | Reached XP level 2. HP: 22/22 MP: 4/4
   173 | D:1      | Learned a level 2 spell: Passwall
   702 | D:2      | Reached skill level 5 in Earth Magic
   702 | D:2      | Reached XP level 3. HP: 22/28 MP: 6/6
  1142 | D:3      | Reached XP level 4. HP: 26/36 MP: 5/7
  1147 | D:3      | Learned a level 3 spell: Stone Arrow
  1382 | D:3      | Reached skill level 6 in Earth Magic
  1396 | D:3      | Reached XP level 5. HP: 23/42 MP: 0/9
  1965 | D:3      | Noticed Jessica
  2026 | D:3      | Killed Jessica
  2296 | D:3      | You fall through a shaft for 3 floors!
  2297 | D:6      | Noticed a sky beast
  2336 | D:6      | Reached XP level 6. HP: 15/49 MP: 5/10
  2343 | D:6      | Reached skill level 7 in Earth Magic
  2429 | D:6      | Found Yvimofyo's General Store.
  2495 | D:5      | Entered Level 5 of the Dungeon
  3301 | D:4      | Reached skill level 8 in Earth Magic
  3301 | D:4      | Reached XP level 7. HP: 11/55 MP: 1/12
  3495 | D:4      | Found Modefati's Magic Scroll Shop.
  3516 | D:4      | Bought a scroll of identify for 24 gold pieces
  3516 | D:4      | Bought a scroll of teleportation for 36 gold pieces
  4004 | D:5      | Reached skill level 5 in Dodging
  4214 | D:5      | Reached skill level 9 in Earth Magic
  4316 | D:5      | Noticed Grinder
  4324 | D:5      | Killed Grinder
  4324 | D:5      | Reached XP level 8. HP: 31/62 MP: 3/14
  4416 | D:5      | Noticed Prince Ribbit
  4422 | D:5      | Killed Prince Ribbit
  4422 | D:5      | Reached skill level 10 in Earth Magic
  4614 | D:5      | Found a shadowy altar of Dithmenos.
  4771 | D:5      | Found a staircase to the Ecumenical Temple.
  4784 | Temple   | Entered the Ecumenical Temple
  4887 | Temple   | Became a worshipper of Elyvilon the Healer
  5399 | D:6      | Noticed Eustachio
  5409 | D:6      | Killed Eustachio
  5409 | D:6      | Reached skill level 1 in Invocations
  5477 | D:6      | Learned a level 4 spell: Petrify
  5483 | D:6      | Learned a level 5 spell: Lee's Rapid Deconstruction
  5758 | D:6      | Reached skill level 11 in Earth Magic
  5885 | D:6      | Reached skill level 5 in Spellcasting
  5885 | D:6      | Gained mutation: You passively map the area around you.
                  | [Deep Dwarf growth]
  5885 | D:6      | Reached XP level 9. HP: 49/68 MP: 11/15
  6187 | D:6      | Reached * piety under Elyvilon
  6476 | D:6      | Found a hide-covered altar of Uskayaw.
  6679 | D:7      | Noticed a two-headed ogre
  6679 | D:7      | Noticed sydd's ghost (novice GnWr)
  6762 | D:7      | Found a transporter.
  6941 | D:7      | Found a transporter.
  6989 | D:7      | Noticed a troll
  7001 | D:7      | Killed a troll
  7001 | D:7      | Reached skill level 12 in Earth Magic
  7369 | D:8      | Noticed Gastronok
  7383 | D:8      | Killed from afar by Gastronok

Skill      XL: |  1  2  3  4  5  6  7  8  9 |
---------------+----------------------------+-----
Spellcasting   | 2 3 4 5 |  5.5
Earth Magic    | 5 6 8 9 11 12 | 12.1
Dodging        | 3 4 5 6 7 |  7.1
Invocations    | 3 4 |  4.8
Stealth        | |  2.4
Shields        | |  0.7
Transmutations | |  0.8

Action                   |  1- 3 |  4- 6 |  7- 9 || total
-------------------------+-------+-------+-------++-------
Melee: Dagger            |    69 |    43 |    36 ||   148
Throw: Stone             |       |       |     1 ||     1
 Cast: Sandblast         |    13 |    52 |    74 ||   139
       Stone Arrow       |       |    22 |    71 ||    93
Invok: Lesser Healing    |       |       |     5 ||     5
 Abil: Heal Wounds       |       |     1 |     2 ||     3
  Use: Scroll            |       |     2 |     4 ||     6
       Potion            |       |       |     1 ||     1
 Stab: Sleeping          |     6 |     2 |     1 ||     9
  Eat: Chunk             |     1 |     9 |    13 ||    23
       Ration            |       |       |     1 ||     1
Armor: Robe              |    13 |     8 |     1 ||    22
       Troll leather arm |       |       |    13 ||    13
Dodge: Dodged            |    64 |    38 |    39 ||   141
